 Dungeon Crawl Stone Soup version 0.25.1-2-g60ff931df9 (webtiles) character file.

Game seed: 4403889809201145359

8120 Johnny the Impaler (level 10, -5/73 HPs)
             Began as a Demigod Gladiator on Aug 20, 2020.
             Slain by a killer bee (8 damage)
             ... on level 9 of the Dungeon.
             The game lasted 00:10:44 (11333 turns).

Johnny the Impaler (Demigod Gladiator)             Turns: 11333, Time: 00:10:44

Health: -5/73      AC:  7    Str: 23    XL:     10   Next: 77%
Magic:  0/22       EV: 12    Int: 14    God:
Gold:   303        SH:  0    Dex: 13    Spells: 9/9 levels left

rFire    . . .     SeeInvis +   w - +0 trident (freeze)
rCold    + + .     Gourm    .   (no shield)
rNeg     . . .     Faith    .   H - +0 troll leather armour
rPois    +         Spirit   +   c - +0 helmet
rElec    .         Reflect  .   (no cloak)
rCorr    .         Harm     .   q - +0 pair of gloves
MR       +....                  t - +0 pair of boots
Stlth    +.........             B - amulet "Fotokiwk" {Spirit rC++ MP+9 Int+2 Dex-4}
HPRegen  0.62/turn              n - ring of see invisible
MPRegen  0.18/turn              y - ring of poison resistance

@: lethally poisoned (-5 -> -6), slowed, lightly drained, very slow
A: high mp 1
a: no special abilities


You were on level 9 of the Dungeon.
You were not hungry.

You visited 2 branches of the dungeon, and saw 11 of its levels.

You collected 511 gold pieces.
You spent 208 gold pieces at shops.

Inventory:

Hand Weapons
 w - a +0 trident of freezing (weapon)
 G - a +0 halberd
Armour
 c - a +0 helmet (worn)
 q - a +0 pair of gloves (worn)
 t - a +0 pair of boots (worn)
 H - a +0 troll leather armour (worn)
Jewellery
 n - a ring of see invisible (left hand)
 y - a ring of poison resistance (right hand)
 B - the amulet "Fotokiwk" (around neck) {Spirit rC++ MP+9 Int+2 Dex-4}
   (You acquired it on level 8 of the Dungeon)

   [amulet of guardian spirit]

   It causes incoming damage to be split between your health and magic.
   It affects your intelligence (+2).
   It affects your dexterity (-4).
   It greatly protects you from cold.
   It affects your magic capacity (+9).
 I - an uncursed ring of positive energy {unknown}
Wands
 a - a wand of iceblast (10)
 l - a wand of acid (6)
 u - a wand of flame (42)
 C - a wand of random effects (12)
 E - a wand of digging (5)
Scrolls
 h - 3 scrolls of fog
 i - 3 scrolls of fear
 k - 5 scrolls of teleportation
 m - 7 scrolls of magic mapping
 p - a scroll of amnesia
 r - a scroll of immolation
 v - 2 scrolls of remove curse
 x - a scroll of enchant weapon
Potions
 b - 2 potions of curing
 d - a potion of lignification
 e - a potion of resistance {unknown}
 g - a potion of degeneration {unknown}
 j - a potion of ambrosia {unknown}
 o - 3 potions of might
 s - a potion of magic {unknown}
 z - a potion of haste {unknown}
 A - 2 potions of brilliance {unknown}
 D - a potion of flight {unknown}
 F - a potion of stabbing {unknown}
Comestibles
 f - 18 rations


   Skills:
 - Level 1.7(1.5) Fighting
 + Level 15.1(14.8) Polearms
 - Level 1.7(1.5) Throwing
 - Level 2.6(2.4) Dodging


You had 9 spell levels left.
You didn't know any spells.
Your spell library contained the following spells:

 Spells                   Type           Power        Failure   Level  Hunger
 Magic Dart               Conj           #...         32%         1    ##.....
 Blink                    Tloc           N/A          45%         2    ###....
 Call Imp                 Summ           #.......     45%         2    ###....
 Searing Ray              Conj           #.....       45%         2    ###....
 Slow                     Hex            #.......     45%         2    ###....
 Conjure Flame            Conj/Fire      #.......     69%         3    ####...
 Dazzling Flash           Conj/Hex       #.....       69%         3    ####...
 Mephitic Cloud           Conj/Pois/Air  #.......     69%         3    ####...
 Fulminant Prism          Conj/Hex       #.........   97%         4    #####..
 Iskenderun's Mystic Bla  Conj/Tloc      #.......     97%         4    #####..


Dungeon Overview and Level Annotations

Branches:
Dungeon (10/15)            Temple (1/1) D:5            Lair (0/6) D:9
    Orc: D:9-12

Shops:
D:5 [   D:8 [?*%}

Annotations:
D:6 1 runed translucent door, diiiiiane's ghost, novice DEFE
D:10 Gastronok


Innate Abilities, Weirdness & Mutations

You have an increased reservoir of magic. (+10% MP)


Message History

You closely miss the killer bee.
The killer bee is almost dead.
The killer bee stings you.
* * * LOW HITPOINT WARNING * * *
The killer bee barely misses you. x2; The killer bee closely misses you.
You miss the killer bee.
The killer bee is almost dead.
The killer bee stings you but does no damage.
The killer bee stings you.
* * * LOW HITPOINT WARNING * * *
You are poisoned.
The killer bee poisons you! The killer bee barely misses you.
The killer bee stings you.
* * * LOW HITPOINT WARNING * * *
You puncture the killer bee! You freeze the killer bee.
You kill the killer bee!
You feel sick. The killer bee completely misses you. The killer bee stings you!
* * * LOW HITPOINT WARNING * * *
The killer bee closely misses you. The killer bee stings you!
You die...

############
...........#
.#########.#
.........#.#
###.####...##
#.....##....######
.......#.......y>#
.......#.....###@#
..._.....##..# #.#
.......#.....# #.#
.......#.##.## #.#
#.....##.##.# #.#
###.####.##.# #.#
.........##.## #.#
......#####..# #.#
......# ##.# #.#


You could see a killer bee.

Vanquished Creatures
  Erica (D:8)
  2 two-headed ogres (D:9)
  A gargoyle (D:10)
  Joseph (D:9)
  A troll (D:9)
  4 hippogriffs (D:9)
  3 hogs (D:8)
  6 yaks
  A human (D:8)
  A hungry ghost (D:9)
  Edmund (D:4)
  A black bear (D:6)
  4 sky beasts
  An orc warrior (D:8)
  An ice beast (D:8)
  4 ogres
  A centaur (D:4)
  A big kobold (D:9)
  2 bullfrogs
  A water moccasin skeleton (D:6)
  2 scorpions
  A killer bee (D:9)
  5 howler monkeys
  3 bullfrog zombies
  5 crimson imps
  A quasit (D:8)
  2 jellies
  3 orc priests
  6 hounds
  7 orc wizards
  A centaur skeleton (D:3)
  Ijyb (D:4)
  Terence (D:2)
  2 iguanas
  6 worker ants
  A worker ant zombie (D:8)
  Robin (D:2)
  12 gnolls
  9 adders
  3 shadow imps
  2 adder skeletons
  3 worms
  A dart slug (D:4)
  4 leopard geckos
  34 orcs
  A ball python (D:2)
  6 giant cockroaches
  11 goblins
  10 hobgoblins
  11 jackals
  4 quokkas
  3 bats
  13 kobolds
  7 rats
220 creatures vanquished.

Notes
Turn   | Place    | Note
-------+----------+-------------------------------------------
     0 | D:1      | Johnny the Demigod Gladiator began the quest for the Orb.
     0 | D:1      | Reached XP level 1. HP: 17/17 MP: 3/3
   458 | D:1      | Reached skill level 3 in Polearms
   642 | D:2      | Found a white marble altar of Elyvilon.
   646 | D:2      | Reached XP level 2. HP: 24/24 MP: 4/4
   788 | D:2      | Noticed Robin
   983 | D:3      | Reached skill level 4 in Polearms
   983 | D:3      | Reached XP level 3. HP: 15/29 MP: 5/5
  1490 | D:2      | Killed Robin
  1490 | D:2      | Reached XP level 4. HP: 36/36 MP: 6/6
  1943 | D:2      | Reached skill level 5 in Polearms
  2024 | D:2      | Noticed Terence
  2043 | D:2      | Killed Terence
  2162 | D:2      | Found a hide-covered altar of Uskayaw.
  2249 | D:2      | Found a faded altar of an unknown god.
  2462 | D:3      | Reached XP level 5. HP: 35/41 MP: 7/7
  2753 | D:3      | Reached skill level 6 in Polearms
  3704 | D:4      | Noticed Ijyb
  3713 | D:4      | Paralysed by Ijyb for 3 turns
  3717 | D:4      | Paralysed by Ijyb for 3 turns
  3722 | D:4      | Killed Ijyb
  3759 | D:4      | Reached XP level 6. HP: 47/48 MP: 8/8
  3869 | D:4      | Noticed Edmund
  3895 | D:4      | Killed Edmund
  3895 | D:4      | Reached skill level 7 in Polearms
  4274 | D:4      | Found a shattered altar of Ashenzari.
  4468 | D:5      | Entered Level 5 of the Dungeon
  4468 | D:5      | Found a radiant altar of Vehumet.
  4707 | D:5      | Reached XP level 7. HP: 44/53 MP: 9/9
  4836 | D:5      | Found a staircase to the Ecumenical Temple.
  4864 | D:5      | Reached skill level 8 in Polearms
  4919 | D:5      | Found Itioschos's Armour Shoppe.
  5592 | D:5      | Reached skill level 9 in Polearms
  5692 | Temple   | Entered the Ecumenical Temple
  6008 | D:6      | Reached XP level 8. HP: 30/60 MP: 10/10
  6470 | D:6      | Reached skill level 10 in Polearms
  6750 | D:6      | Found a runed translucent door.
  6754 | D:6      | Noticed diiiiiane's ghost (novice DEFE)
  6827 | D:6      | Found a sparkling altar of Nemelex Xobeh.
  6899 | D:6      | Found an iron altar of Okawaru.
  7112 | D:7      | Found a sacrificial altar of Ru.
  7199 | D:7      | Found an ancient bone altar of Kikubaaqudgha.
  7761 | D:8      | Found Urchakoj's Assorted Antiques.
  7853 | D:8      | Found Isineb Odynn's Gadget Shop.
  7997 | D:8      | Noticed Erica
  8013 | D:8      | Killed Erica
  8013 | D:8      | Reached skill level 11 in Polearms
  8013 | D:8      | Reached XP level 9. HP: 57/67 MP: 11/11
  8444 | D:7      | Found a basalt altar of Yredelemnul.
  8531 | D:8      | Found Tewimetu's Food Shop.
  8556 | D:8      | Reached skill level 12 in Polearms
  8672 | D:8      | Found Gipraej's Magic Scroll Emporium.
  8675 | D:8      | Bought a scroll of identify for 26 gold pieces
  8675 | D:8      | Bought a scroll of identify for 26 gold pieces
  8675 | D:8      | Bought a scroll of identify for 26 gold pieces
  8675 | D:8      | Bought a scroll of identify for 26 gold pieces
  8675 | D:8      | Bought a scroll of teleportation for 39 gold pieces
  8675 | D:8      | Bought a scroll of remove curse for 39 gold pieces
  8675 | D:8      | Bought a scroll of fog for 26 gold pieces
  8676 | D:8      | Identified a scroll of acquirement
  8680 | D:8      | Acquired the amulet "Fotokiwk" {Spirit rC++ MP+9 Int+2
                  | Dex-4}
  8888 | D:8      | Found an ornate altar of the Wu Jian Council.
  9021 | D:8      | Found Nopuqeit's Antique Armour Shop.
  9250 | D:8      | Reached skill level 13 in Polearms
  9640 | D:9      | Found a stormy altar of Qazlal.
  9737 | D:9      | Noticed a two-headed ogre
  9747 | D:9      | Killed a two-headed ogre
  9747 | D:9      | Reached XP level 10. HP: 48/73 MP: 13/13
  9902 | D:9      | Reached skill level 14 in Polearms
 10120 | D:9      | Found a staircase to the Lair.
 10155 | D:9      | Noticed a two-headed ogre
 10166 | D:9      | Killed a two-headed ogre
 10784 | D:9      | Noticed Joseph
 10865 | D:9      | Killed Joseph
 11050 | D:9      | Found a snail-covered altar of Cheibriados.
 11164 | D:9      | Found a blossoming altar of Fedhas.
 11251 | D:10     | Entered Level 10 of the Dungeon
 11269 | D:10     | Reached skill level 15 in Polearms
 11314 | D:10     | Noticed Gastronok
 11332 | D:9      | HP: 2/73 [killer bee (5)]
 11333 | D:9      | Slain by a killer bee

Illustrated notes

Levels and vault maps discovered:
D:1:      matt_arrival_grand_opening, layout_basic, serial_park_tiny_1
D:2:      layout_basic, elyvilon_altar_5, eat_drink_and_be_merry_uskayaw,
          chequers_ecumenical_altar_lobes, first_ration, uniq_terence,
          uniq_robin
D:3:      layout_loops_ring, kennysheep_donut, chequers_serial_rivers_micro_b
D:4:      layout_basic, lemuel_doored_altar, uniq_edmund, uniq_ijyb
D:5:      layout_rooms, nicolae_overflow_hidden_temple,
          minmay_temple_entry_gardened_gates, serial_shops, shop
D:6:      layout_loops_ring, nemelex_xobeh_ov_fountains_minmay,
          ebering_ghost_reflecting_pool, basic_altar
D:7:      layout_loops_corners, nicolae_overflow_crystal_walls,
          lemuel_round_altar, kennysheep_mini_moat
D:8:      layout_basic, marbit_many_paths, serial_shops, kennysheep_mini,
          nicolae_shop_behind_doors, nicolae_shop_trees, shop, shop,
          grunt_livestock, uniq_erica
D:9:      layout_basic, kennysheep_little_box, old_standard_altar,
          lemuel_crystal_altar, lair_entry_dummy, uniq_joseph
D:10:     layout_gridville, minmay_orc_entry_temple_small,
          grunt_decor_one_mirror, uniq_gastronok
Temple:   cyrus_temple_forest

Skill      XL: |  1  2  3  4  5  6  7  8  9 10 |
---------------+-------------------------------+-----
Polearms       | 3 4 5 6 7 9 11 13 15 | 15.1
Fighting       | |  1.7
Throwing       | |  1.7
Dodging        | |  2.6

Action                   |  1- 3 |  4- 6 |  7- 9 | 10-12 || total
-------------------------+-------+-------+-------+-------++-------
Melee: Trident           |    83 |   273 |   492 |   222 ||  1070
Throw: Throwing net      |     2 |     1 |       |       ||     3
Evoke: Wand              |       |       |     1 |    11 ||    12
  Use: Scroll            |       |       |    12 |     4 ||    16
       Potion            |       |       |       |     1 ||     1
 Stab: Sleeping          |       |     1 |       |       ||     1
  Eat: Chunk             |     2 |     9 |    14 |     4 ||    29
       Ration            |       |       |     1 |     1 ||     2
Armor: Leather armour    |    18 |    11 |       |       ||    29
       Chain mail        |       |   118 |   159 |    14 ||   291
       Troll leather arm |       |       |       |    30 ||    30
Dodge: Dodged            |    51 |   107 |   133 |    87 ||   378
